 Dungeon Crawl Stone Soup version 0.28-a0-906-g0406aca7d3 (webtiles) character file.

Game seed: 15682131502082413099

182765 swappor the Warrior (level 17, 0/170 HPs)
             Began as a Minotaur Berserker on Nov 22, 2021.
             Was the Champion of Trog.
             Slain by a ghost moth (11 damage)
             ... on level 4 of the Spider Nest on Nov 23, 2021.
             The game lasted 03:09:34 (29066 turns).

swappor the Warrior (Minotaur Berserker)           Turns: 29066, Time: 03:09:35

Health: 0/170      AC: 33    Str: 32 (33) XL:     17   Next: 72%
Magic:  0/16       EV:  9    Int:  0 (4)  God:    Trog [******]
Gold:   2088       SH:  0    Dex: 15 (16) Spells: 16/16 levels left

rFire   + . .      SeeInvis .   b - +8 broad axe (vorpal)
rCold   + + +      Faith    .   f - +3 kite shield
rNeg    . . .      Spirit   .   v - +1 crystal plate armour {rC+} {rare}
rPois   +          Reflect  .   (helmet restricted)
rElec   +          Harm     .   m - scarf {rC+ rF+}
rCorr   .          Rampage  .   U - +2 pair of gloves {archery}
Will    +++..      NoCast   +   l - +0 pair of boots of the Endless Expanse {-Cast Slay+6}
Stlth   ..........              g - amulet of regeneration
HPRegen 2.38/turn               P - ring of poison resistance
MPRegen 0.15/turn               q - ring "Cuakh" {rElec rC+ Str+4 Dex+6}

@: confused, ambrosia-drunk, strong-willed, regenerating, slowed, lost
intelligence, unable to read, very slow
A: horns 2, retaliatory headbutt
a: Renounce Religion, Berserk, Trog's Hand, Brothers in Arms


You were on level 4 of the Spider Nest.
You worshipped Trog.
Trog was exalted by your worship.
You visited 5 branches of the dungeon, and saw 28 of its levels.
You visited 1 bazaar.
You also visited: Ice Cave.

You collected 2947 gold pieces.
You spent 859 gold pieces at shops.


Innate Abilities, Weirdness & Mutations

You have a pair of horns on your head.
You reflexively headbutt those who attack you in melee.


   Skills:
 - Level 20.0 Fighting
 - Level 18.0 Axes
 - Level 20.0 Armour
 - Level 4.0 Dodging
 + Level 17.7 Shields
 - Level 8.0 Evocations


You had 16 spell levels left.
You didn't know any spells.
Your spell library contained the following spells:

 Spells                   Type           Power      Damage    Failure   Level
 Animate Skeleton         Necr           0%         N/A       100%        1
 Apportation              Tloc           0%         N/A       100%        1
 Pain                     Necr           0%         1d4       100%        1
 Sting                    Tmut/Pois      0%         1d3       100%        1
 Summon Small Mammal      Summ           0%         N/A       100%        1
 Blink                    Tloc           0%         N/A       100%        2
 Corpse Rot               Necr/Air       0%         N/A       100%        2
 Ensorcelled Hibernation  Hex/Ice        0%         N/A       100%        2
 Poisonous Vapours        Pois/Air       0%         N/A       100%        2
 Sublimation of Blood     Necr           0%         N/A       100%        2
 Call Canine Familiar     Summ           0%         N/A       100%        3
 Conjure Flame            Conj/Fire      0%         6-21      100%        3
 Frozen Ramparts          Ice            0%         1d2       100%        3
 Gell's Gravitas          Tloc           0%         N/A       100%        3
 Ignite Poison            Fire/Tmut/Pois 0%         N/A       100%        3
 Lesser Beckoning         Tloc           0%         N/A       100%        3
 Summon Guardian Golem    Hex/Summ       0%         N/A       100%        3
 Teleport Other           Tloc           0%         N/A       100%        3
 Dispel Undead            Necr           0%         3d6       100%        4
 Ice Form                 Ice/Tmut       0%         N/A       100%        4
 Olgreb's Toxic Radiance  Pois           0%         N/A       100%        4
 Petrify                  Tmut/Erth      0%         N/A       100%        4
 Sticky Flame             Conj/Fire      0%         2d3       100%        4
 Summon Ice Beast         Ice/Summ       0%         N/A       100%        4
 Agony                    Necr           0%         N/A       100%        5
 Excruciating Wounds      Necr           0%         N/A       100%        5
 Freezing Cloud           Conj/Ice/Air   0%         6-21      100%        5
 Irradiate                Conj/Tmut      0%         3d14      100%        5
 Manifold Assault         Tloc           0%         N/A       100%        5
 Summon Mana Viper        Hex/Summ       0%         N/A       100%        5
 Death Channel            Necr           0%         N/A       100%        6
 Dispersal                Tloc           0%         N/A       100%        6
 Simulacrum               Ice/Necr       0%         N/A       100%        6
 Monstrous Menagerie      Summ           0%         N/A       100%        7
 Polar Vortex             Ice            0%         N/A       100%        9

Inventory:

Hand Weapons
 b - a +8 vorpal broad axe (weapon)
   (You acquired it on level 11 of the Dungeon)
Missiles
 r - 2 curare-tipped darts (quivered) {=f}
 u - 2 atropa-tipped darts
 w - 2 throwing nets {=f!f}
 F - 47 poisoned darts
Armour
 f - a +3 kite shield (worn)
   (You took it off a gnoll sergeant on level 8 of the Dungeon)
 l - the +0 pair of boots of the Endless Expanse (worn) {-Cast Slay+6}
   (You found it on level 8 of the Dungeon)

   Slay:      It affects your accuracy & damage with ranged weapons and melee
   (+6).
   -Cast:     It prevents spellcasting.
 m - a scarf of resistance (worn)
   (You acquired it on level 1 of the Lair of Beasts)
 v - a +1 crystal plate armour of cold resistance (worn) {rare}
   (You found it in an ice cave)
 U - a +2 pair of gloves of archery (worn)
   (You bought it in a shop on level 2 of the Orcish Mines)
Jewellery
 g - an amulet of regeneration (around neck)
   (You found it on level 1 of the Dungeon)
 n - a ring of positive energy
   (You found it on level 2 of the Spider Nest)
 q - the ring "Cuakh" (right hand) {rElec rC+ Str+4 Dex+6}
   (You found it on level 8 of the Dungeon)

   [ring of dexterity]

   Str:       It affects your strength (+4).
   Dex:       It affects your dexterity (+6).
   rC:        It protects you from cold.
   rElec:     It insulates you from electricity.
 A - the ring of the Crown {Will+ Str+4 Int+2}
   (You found it on level 3 of the Lair of Beasts)

   [ring of willpower]

   Str:       It affects your strength (+4).
   Int:       It affects your intelligence (+2).
   Will:      It increases your willpower.
 P - a ring of poison resistance (left hand)
   (You found it on level 1 of the Dungeon)
Wands
 i - a wand of iceblast (20)
   (You found it on level 7 of the Dungeon)
 o - a wand of digging (4)
   (You found it on level 2 of the Lair of Beasts)
 E - a wand of mindburst (8)
   (You found it on level 11 of the Dungeon)
 O - a wand of paralysis (21)
   (You found it on level 6 of the Lair of Beasts)
 Q - a wand of flame (17)
   (You found it on level 6 of the Lair of Beasts)
Scrolls
 a - a scroll of enchant armour
 e - 10 scrolls of teleportation {@r4}
 s - 2 scrolls of summoning
 t - a scroll of magic mapping {!r}
 x - 16 scrolls of identify {@r1}
 C - 2 scrolls of brand weapon
 G - 6 scrolls of blinking {!r}
 I - 3 scrolls of fear
 K - 6 scrolls of fog
 R - 2 scrolls of immolation {!r!r}
 T - 2 scrolls of vulnerability {!r!r}
Potions
 c - 3 potions of mutation {!q}
 h - 12 potions of curing {@q1}
 j - 5 potions of heal wounds {@q2}
 k - 3 potions of lignification {!q}
 p - 2 potions of resistance
 z - 6 potions of ambrosia
 B - 5 potions of haste {@q3}
 H - 4 potions of berserk rage {!q}
 J - 5 potions of flight
 L - 3 potions of cancellation
 Y - a potion of might
 Z - 2 potions of magic
Miscellaneous
 D - a phial of floods
   (You found it on level 10 of the Dungeon)

Dungeon Overview and Level Annotations

Branches:
Dungeon (15/15)            Temple (1/1) D:5            Lair (6/6) D:9
  Swamp (0/4) Lair:3       Spider (4/4) Lair:2        Slime (0/5) Lair:5
    Orc (2/2) D:9             Elf (0/3) Orc:2        Vaults (0/5) D:13
 Depths (0/4) D:15          IceCv (visited)

Altars:
Ashenzari
Cheibriados
Dithmenos
Elyvilon
Fedhas
Gozag
Hepliaklqana
Kikubaaqudgha
Makhleb
Nemelex Xobeh
Okawaru
Qazlal
Ru
Sif Muna
Trog
Uskayaw
Vehumet
Wu Jian
Xom
Yredelemnul
Zin
The Shining One
Beogh
Jiyva

Shops:
D:10 ?   D:13 *?[   Orc:2 ((![([

Portals:
Trove: D:11 (give +3 gold dragon scales)

..............# ...
..............## ##### .^ .
..^^..^^.......## ###..≈## .##..
########.^......####^.≈.≈.##≈.^^.
^..^^^....########.^†.s..†^^^....
.^...........^....^.†s†.††^......
...........^^^^..°#..†........?..
...........†.^.^†s†.s..../..)..≈.
^.^.≈.(.....!..s@{#....^...≈..##^
####....^..^....ss.≈....#####^y≈
s #####...^..≈.≈######## ..^^ .
^..≈######## s... . ...... ... .
........ ^ .........


You could see a demonic crawler, 2 wolf spiders, an orb spider, a jumping
spider, a tarantella and a redback.


Message History

Something hits you but does no damage. Something hits you.
* * * LOW HITPOINT WARNING * * *
You feel dopey.
You have lost your intelligence.
Something stings you but does no damage.
The redback bites you.
* * * LOW HITPOINT WARNING * * *
You feel you are being watched by something.
Something hits you but does no damage. x2
Something stings you but does no damage.
The jumping spider pounces on you but does no damage.
The jumping spider bites you but does no damage.
The demonic crawler hits you but does no damage.
The demonic crawler hits you.
* * * LOW HITPOINT WARNING * * *
The demonic crawler hits you but does no damage.
The jumping spider pounces on you but does no damage.
The jumping spider bites you but does no damage.
Something hits you but does no damage. x2; Something stings you.
* * * LOW HITPOINT WARNING * * *
The demonic crawler hits you but does no damage. x3
The wolf spider hits you but does no damage.
The wolf spider bites you but does no damage.
The jumping spider pounces on you but does no damage.
The jumping spider bites you but does no damage.
You feel you are being watched by something.
Something hits you but does no damage. x2; Something stings you!
* * * LOW HITPOINT WARNING * * *
The demonic crawler hits you.
* * * LOW HITPOINT WARNING * * *
The demonic crawler hits you but does no damage.
The demonic crawler hits you.
* * * LOW HITPOINT WARNING * * *
The wolf spider hits you but does no damage.
The wolf spider bites you!
* * * LOW HITPOINT WARNING * * *
You are lethally poisoned!
The wolf spider poisons you!
The jumping spider completely misses you.
The jumping spider bites you but does no damage.
You can move again. 😱 HP[-28]
You take 28 damage, and now have 13/170 hp.
You feel better. Something hits you but does no damage. Something hits you!
* * * LOW HITPOINT WARNING * * *
Something stings you but does no damage.
The demonic crawler hits you but does no damage.
You block the demonic crawler's attack.
The demonic crawler hits you but does no damage.
You block the jumping spider's attack. x2
The wolf spider hits you but does no damage.
The wolf spider bites you but does no damage.
Something hits you but does no damage. x2
Something stings you but does no damage.
You block the demonic crawler's attack. The demonic crawler hits you!
* * * LOW HITPOINT WARNING * * *
You block the demonic crawler's attack.
The redback bites you but does no damage.
The jumping spider leaps! 😱 HP[-8]
You take 8 damage, and now have 5/170 hp.
You feel much better. You block the wolf spider's attack.
The wolf spider bites you but does no damage.
You block the redback's attack.
The demonic crawler hits you but does no damage.
You block the demonic crawler's attack.
The demonic crawler hits you but does no damage.
Something hits you!
* * * LOW HITPOINT WARNING * * *
You feel weakened. Something hits you but does no damage.
Something stings you but does no damage.
The wolf spider hits you but does no damage.
The wolf spider bites you but does no damage.
The redback bites you but does no damage.
The jumping spider leaps!
The demonic crawler barely misses you. You furiously retaliate!
You headbutt the demonic crawler. The demonic crawler barely misses you.
You block the demonic crawler's attack.
Something hits you but does no damage. x2
Something stings you but does no damage. 😱 HP[+8] MP[+1]
You regained 8 hp, and now have 13/170 hp.
You are confused.
You feel invigorated.
The wolf spider hits you but does no damage.
The wolf spider bites you but does no damage.
The redback bites you but does no damage.
The demonic crawler hits you but does no damage. x3
You feel you are being watched by something.
You feel your power leaking away. Something hits you but does no damage.
Something hits you.
* * * LOW HITPOINT WARNING * * *
Something stings you but does no damage.
The wolf spider hits you!
* * * LOW HITPOINT WARNING * * *
The wolf spider bites you but does no damage.
The redback bites you but does no damage.
The demonic crawler hits you but does no damage. x3
You feel you are being watched by something.
Something hits you but does no damage. Something hits you!
You die...

Skill      XL: |  1  2  3  4  5  6  7  8  9 10 11 12 13 14 15 16 17 |
---------------+----------------------------------------------------+-----
Fighting       | 4 5 6 7 8 9 10 13 14 16 20 | 20.0
Axes           | 5 6 8 10 11 12 13 18 | 18.0
Evocations     | 3 5 8 |  8.0
Shields        | 6 8 15 17 | 17.7
Armour         | 8 12 13 18 20 | 20.0
Dodging        | 4 |  4.0

Action                   |  1- 3 |  4- 6 |  7- 9 | 10-12 | 13-15 | 16-18 || total
-------------------------+-------+-------+-------+-------+-------+-------++-------
Melee: Hand axe          |    73 |    43 |       |       |       |       ||   116
       Headbutt          |    10 |    27 |    52 |   108 |   227 |   192 ||   616
       War axe           |       |    87 |   281 |   180 |       |       ||   548
       Broad axe         |       |       |       |   169 |   727 |   524 ||  1420
Throw: Stone             |    10 |       |       |       |       |       ||    10
       Dart              |       |    13 |     1 |     6 |       |       ||    20
Invok: Berserk           |     1 |       |     5 |     4 |     1 |     6 ||    17
       Trog's Hand       |       |     2 |     1 |     1 |    12 |     4 ||    20
       Brothers in Arms  |       |       |       |       |     3 |     1 ||     4
Evoke: Wand              |       |       |       |     3 |    48 |       ||    51
       Phial of floods   |       |       |       |     1 |     2 |     1 ||     4
       Lightning rod     |       |       |       |       |     7 |     1 ||     8
  Use: Scroll            |     3 |     4 |     6 |    14 |    11 |     2 ||    40
       Potion            |       |       |       |     1 |       |     4 ||     5
 Stab: Petrified         |       |       |       |       |     2 |       ||     2
Armor: Scale mail        |    10 |    48 |     1 |       |       |       ||    59
       Animal skin       |     4 |       |       |       |       |       ||     4
       Chain mail        |       |       |   152 |    41 |       |       ||   193
       Plate armour      |       |       |       |   120 |   373 |     7 ||   500
       Crystal plate arm |       |       |       |       |       |   552 ||   552
Dodge: Dodged            |    31 |    52 |   108 |   109 |   251 |   178 ||   729
Block: Buckler           |       |       |    17 |    75 |    65 |       ||   157
       Kite shield       |       |       |       |       |   355 |   493 ||   848

Levels and vault maps discovered:
D:1:      wheals_arrival_linesprint, layout_rooms, shapermc_ecumenical_altar_gd,
          nrook_campfire, amcnicky_mini_pool_small, chequers_avenue
D:2:      layout_basic, minmay_randomly_rotated_circles
D:3:      layout_loops_ring, kennysheep_generic_room_6
D:4:      layout_basic, okawaru_gym_becter, mainiacjoe_overflow_paths,
          lemuel_blue_sif_altar, uniq_blork_the_orc
D:5:      layout_loops_ring, mainiacjoe_overflow_small_starburst,
          minmay_temple_entry_drinking_statues, grunt_ministairs_12,
          minmay_pentangle
D:6:      layout_loops_ring, serial_park_tiny_1
D:7:      layout_loops_cross, minmay_holes, hangedman_abyss_or_decor_stabs
D:8:      minmay_cornered_nines, layout_layer_cave, grunt_ashenzari_visionary
          [grunt_ashenzari_visionary_swamp, grunt_ashenzari_visionary_spider],
          uniq_pikel
D:9:      layout_small_grid, lair_entry_dummy, orc_0_dummy,
          ebering_ghost_funeral_grove, uniq_maggie
D:10:     layout_grid_maze, chei_slow_surprise, serial_shops, shop,
          serial_bayou_pond_a
D:11:     layout_loops_cross, nicolae_trove_entry_isolated
D:12:     layout_cave_pools, nrook_mini_vaults, hex_medium, nzn_life_drinkers,
          uniq_erolcha
D:13:     layout_long_grid, david_vaults_3, gauntlet_entry_generic,
          serial_shops, bzr_entry_customers, nicolae_shop_statue_plus,
          nicolae_stop_n_shop_2, nicolae_diamond_shop, uniq_frances
D:14:     layout_small_grid, lemuel_doored_altar, uniq_josephine
D:15:     hangedman_depths_entry_civil_slaughter, layout_grid_maze,
          gammafunk_ghost_ooze
Temple:   eino_temple_rhombus
Lair:1:   layout_regular_city, infiniplex_staircase_pool_2, grunt_megastairs_4
Lair:2:   layout_layer_cave, nicolae_spider_entry_non_spiders
Lair:3:   dragon1_lemuel, layout_cave_pods, minmay_swamp_entry_wisps,
          basic_altar
Lair:4:   regret_index_bee_streams, layout_long_grid,
          nicolae_quartered_pool_little
Lair:5:   layout_layer_cave, dpeg_slime_entry_enclosed_altar, st_stairs_4,
          lemuel_fruit_tree
Lair:6:   wormcave, layout_cave_pods, guppyfry_lair_end_dragon,
          small_statue_intersection, st_stairs_4, chequers_serial_rivers_room_a,
          eino_house_with_fridge, infiniplex_staircase_pool
Spider:1: layout_chambers, portal_ice_cave_entry_ugly_swarm,
          hangedman_spider_tarantella_strand, uniq_aizul, uniq_asterion
Spider:2: nicolae_spider_hall_of_the_moth_king, uniq_louise
Spider:3: layout_spider_delve, uniq_azrael, uniq_mara
Spider:4: grunt_spider_rune_parallel, guppyfry_hornet_nest
Orc:1:    layout_caves, uniq_erica, uniq_maurice
Orc:2:    grunt_orc_community_town_hall, layout_diamond_mine,
          grunt_orc_community_big_house_2, grunt_orc_community_big_house_1,
          grunt_orc_community_house_3, grunt_orc_community_house_2,
          grunt_orc_community_house_2, grunt_orc_community_house_1,
          serial_shops, nicolae_shop_hallway_plus, nicolae_shop_firing_range

Notes
Turn   | Place    | Note
-------+----------+-------------------------------------------
     0 | D:1      | swappor the Minotaur Berserker began the quest for the Orb.
     0 | D:1      | Reached XP level 1. HP: 19/19 MP: 0/0
     0 | D:1      | magus.rc [v1.11.2]
   201 | D:1      | Reached skill level 4 in Fighting
   241 | D:1      | Reached XP level 2. HP: 28/28 MP: 1/1
   420 | D:1      | You add the spells Gell's Gravitas, Teleport Other and
                  | Dispersal to your library.
   592 | D:1      | Reached skill level 5 in Fighting
   599 | D:1      | Found a faded altar of an unknown god.
   619 | D:1      | Reached XP level 3. HP: 34/36 MP: 2/2
  1405 | D:3      | Reached ** piety under Trog
  1470 | D:3      | Reached skill level 6 in Fighting
  1470 | D:3      | Reached XP level 4. HP: 38/44 MP: 3/3
  1483 | D:3      | Reached skill level 4 in Axes
  1557 | D:3      | You add the spells Conjure Flame, Ignite Poison and Sticky
                  | Flame to your library.
  1699 | D:3      | You pick up a book of Spatial Translocations {forbidden}
                  | and begin reading...
  1699 | D:3      | You add the spells Blink, Lesser Beckoning and Manifold
                  | Assault to your library.
  1802 | D:3      | Reached skill level 5 in Axes
  1802 | D:3      | Reached XP level 5. HP: 34/50 MP: 4/4
  1924 | D:3      | Reached skill level 6 in Axes
  2245 | D:4      | Noticed a necrophage
  2255 | D:4      | Killed a necrophage
  2256 | D:4      | Reached skill level 7 in Fighting
  2256 | D:4      | Reached XP level 6. HP: 60/60 MP: 5/5
  2314 | D:4      | Found an iron altar of Okawaru.
  2529 | D:4      | Found a shadowy altar of Dithmenos.
  2896 | D:4      | Found a shimmering blue altar of Sif Muna.
  3174 | D:4      | Noticed Blork the orc
  3194 | D:4      | Killed Blork the orc
  3195 | D:4      | Reached skill level 8 in Fighting
  3392 | D:4      | Reached XP level 7. HP: 68/68 MP: 6/6
  3498 | D:5      | Entered Level 5 of the Dungeon
  3501 | D:5      | You pick up a book of Cantrips {forbidden} and begin
                  | reading...
  3501 | D:5      | You add the spells Animate Skeleton, Summon Small Mammal
                  | and Apportation to your library.
  3731 | D:4      | Reached *** piety under Trog
  3732 | D:4      | Reached skill level 7 in Axes
  4023 | D:5      | Found a staircase to the Ecumenical Temple.
  4062 | D:5      | Reached skill level 8 in Axes
  4118 | D:5      | Found a bloodstained altar of Trog.
  4309 | D:5      | Identified the +6 dagger of Egomania {freeze, rF+++ rN++}
  4377 | D:5      | Reached skill level 9 in Fighting
  4516 | D:5      | Reached XP level 8. HP: 78/78 MP: 7/7
  4714 | Temple   | Entered the Ecumenical Temple
  5098 | D:6      | Reached skill level 10 in Fighting
  5474 | D:6      | Reached skill level 9 in Axes
  5794 | D:6      | You pick up a book of Decay {forbidden} and begin
                  | reading...
  5794 | D:6      | You add the spells Corpse Rot, Dispel Undead and Death
                  | Channel to your library.
  6095 | D:7      | Reached skill level 10 in Axes
  6095 | D:7      | Reached skill level 1 in Evocations
  6196 | D:7      | Reached skill level 2 in Evocations
  6311 | D:7      | Reached skill level 3 in Evocations
  6627 | D:7      | Reached XP level 9. HP: 81/85 MP: 8/8
  6709 | D:7      | Reached skill level 4 in Evocations
  6902 | D:7      | Reached skill level 5 in Evocations
  7444 | D:8      | You pick up a book of Beasts {forbidden} and begin
                  | reading...
  7444 | D:8      | You add the spells Summon Ice Beast, Summon Mana Viper and
                  | Monstrous Menagerie to your library.
  7518 | D:8      | You pick up a book of Callings {forbidden} and begin
                  | reading...
  7518 | D:8      | You add the spells Call Canine Familiar and Summon Guardian
                  | Golem to your library.
  7557 | D:8      | Reached skill level 11 in Fighting
  7604 | D:8      | Reached skill level 12 in Fighting
  7687 | D:8      | Reached **** piety under Trog
  7696 | D:8      | Identified the +0 pair of boots of the Endless Expanse
                  | {-Cast Slay+6}
  7723 | D:8      | Found a broken altar of Ashenzari.
  7727 | D:8      | Saw a vision of the Swamp and the Spider Nest.
  7727 | D:8      | Noticed a wolf spider
  7727 | D:8      | Noticed a goliath frog
  7727 | D:8      | Noticed an alligator
  7727 | D:8      | Noticed a goliath frog
  7727 | D:8      | Noticed a wolf spider
  7727 | D:8      | Noticed a wolf spider
  7887 | D:8      | Reached skill level 13 in Fighting
  7967 | D:8      | Reached XP level 10. HP: 89/101 MP: 9/9
  7977 | D:8      | Noticed a manticore
  7983 | D:8      | Killed a manticore
  7986 | D:8      | Identified the ring "Cuakh" {rElec rC+ Str+4 Dex+6}
  8154 | D:8      | Noticed Pikel
  8163 | D:8      | Killed Pikel
  8164 | D:8      | Reached skill level 14 in Fighting
  8164 | D:8      | Reached skill level 1 in Shields
  8252 | D:8      | Reached skill level 2 in Shields
  8592 | D:9      | Found a runed translucent door.
  8593 | D:9      | Noticed Blacky's ghost (novice PaFi)
  8593 | D:9      | Identified the +7 spear of the Butterfly {vamp, Will+
                  | Dex+3}
  8635 | D:9      | Reached skill level 3 in Shields
  8650 | D:9      | Reached skill level 4 in Shields
  8722 | D:9      | Noticed Maggie
  8734 | D:9      | Killed Maggie
  8735 | D:9      | Reached skill level 5 in Shields
  8735 | D:9      | Reached skill level 3 in Armour
  8743 | D:9      | You pick up a book of Alchemy {forbidden} and begin
                  | reading...
  8743 | D:9      | You add the spells Sublimation of Blood, Petrify and
                  | Irradiate to your library.
  8802 | D:9      | Found a staircase to the Orcish Mines.
  9026 | D:9      | Reached skill level 4 in Armour
  9094 | D:9      | Reached skill level 5 in Armour
  9099 | D:9      | Noticed a deep elf pyromancer
  9110 | D:9      | Killed a deep elf pyromancer
  9111 | D:9      | Reached skill level 6 in Armour
  9237 | D:9      | Found a staircase to the Lair.
  9432 | D:9      | Reached skill level 7 in Armour
  9832 | D:9      | Reached skill level 8 in Armour
  9855 | D:9      | Killed Blacky's ghost
  9856 | D:9      | Reached skill level 6 in Shields
  9856 | D:9      | Reached XP level 11. HP: 110/110 MP: 10/10
  9921 | D:10     | Entered Level 10 of the Dungeon
  9921 | D:10     | Found Noleca Tuce's Magic Scroll Emporium.
  9926 | D:10     | Bought 3 scrolls of identify for 72 gold pieces
  9960 | D:10     | Noticed a two-headed ogre
  9974 | D:10     | Killed a two-headed ogre
  9975 | D:10     | Reached skill level 7 in Shields
 10157 | D:10     | Noticed a boulder beetle
 10183 | D:10     | Killed a boulder beetle
 10330 | D:10     | Found a snail-covered altar of Cheibriados.
 10384 | D:10     | Reached skill level 8 in Shields
 10760 | D:10     | Reached ***** piety under Trog
 10863 | D:10     | Reached skill level 6 in Evocations
 11237 | D:11     | Found a portal to a secret trove of treasure.
 11302 | D:11     | Reached skill level 7 in Evocations
 11323 | D:11     | You pick up a book of Ice {forbidden} and begin reading...
 11323 | D:11     | You add the spells Freezing Cloud, Simulacrum and Polar
                  | Vortex to your library.
 11459 | D:11     | Noticed a two-headed ogre
 11497 | D:11     | Killed a two-headed ogre
 11568 | D:11     | Reached skill level 8 in Evocations
 11586 | D:11     | Reached skill level 3 in Dodging
 11596 | D:11     | Reached skill level 4 in Dodging
 11719 | D:11     | Identified a scroll of acquirement
 11719 | D:11     | Acquired a +6 broad axe of flaming
 11782 | D:12     | Noticed an orc knight
 11795 | D:12     | Killed an orc knight
 11975 | D:11     | Reached skill level 11 in Axes
 12061 | D:12     | Noticed Erolcha
 12067 | D:11     | Reached XP level 12. HP: 117/117 MP: 11/11
 12099 | D:12     | Noticed a six-headed hydra
 12218 | Lair:1   | Entered Level 1 of the Lair of Beasts
 12290 | Lair:1   | Reached skill level 12 in Axes
 12417 | Lair:1   | Noticed a death yak
 12417 | Lair:1   | Noticed a death yak
 12418 | Lair:1   | Noticed a death yak
 12440 | Lair:1   | Killed a death yak
 12441 | Lair:1   | Reached skill level 9 in Armour
 12448 | Lair:1   | Killed a death yak
 12457 | Lair:1   | Killed a death yak
 12458 | Lair:1   | Reached skill level 10 in Armour
 12471 | Lair:1   | Reached skill level 11 in Armour
 12567 | Lair:1   | Acquired a scarf of resistance
 12591 | Lair:1   | Received a gift from Trog
 12594 | Lair:1   | o - a +1 executioner's axe {rare}
 12665 | Lair:1   | Reached skill level 12 in Armour
 13226 | Lair:1   | You drop a +1 executioner's axe {rare}.
 13444 | Lair:2   | Reached skill level 15 in Fighting
 13488 | Lair:2   | magus.rc [v1.11.2]
 13507 | Lair:2   | Found a hole to the Spider Nest.
 14098 | Lair:3   | Reached skill level 16 in Fighting
 14105 | Lair:3   | Reached XP level 13. HP: 112/128 MP: 12/12
 14285 | Lair:3   | Found a staircase to the Swamp.
 14548 | Lair:3   | Reached skill level 17 in Fighting
 14636 | Lair:3   | Found a radiant altar of Vehumet.
 14764 | Lair:3   | Noticed a fire dragon
 14794 | Lair:3   | Killed a fire dragon
 14979 | Lair:3   | Identified the ring of the Crown {Will+ Str+4 Int+2}
 14989 | Lair:3   | Identified the +1 scale mail of a volcano {rElec}
 15020 | Lair:3   | You pick up a book of Pain {forbidden} and begin reading...
 15020 | Lair:3   | You add the spells Pain, Agony and Excruciating Wounds to
                  | your library.
 15412 | Lair:4   | Reached skill level 18 in Fighting
 15584 | Lair:4   | Identified the +12 mace of the Median {vorpal, rElec rPois}
 15886 | Lair:4   | Reached skill level 19 in Fighting
 17277 | Lair:5   | Reached skill level 20 in Fighting
 17303 | Lair:5   | Reached XP level 14. HP: 142/148 MP: 13/13
 17311 | Lair:5   | Reached skill level 9 in Shields
 17406 | Lair:5   | Identified the +6 scale mail "Poisteonk" {+Blink Regen+
                  | Str-4 Dex+6}
 17467 | Lair:5   | Found a viscous altar of Jiyva.
 17467 | Lair:5   | Found a staircase to the Slime Pits.
 17984 | Lair:6   | Entered Level 6 of the Lair of Beasts
 18114 | Lair:6   | Reached ****** piety under Trog
 18166 | Lair:6   | Reached skill level 10 in Shields
 18197 | Lair:6   | Received a gift from Trog
 18226 | Lair:6   | y - a +3 executioner's axe {rare}
 18415 | Lair:6   | Reached skill level 11 in Shields
 18535 | Lair:6   | You drop a +3 executioner's axe {rare}.
 18705 | Lair:6   | Reached skill level 12 in Shields
 19688 | D:12     | Identified the +2 short sword of Nuizy {vorpal, *Corrode
                  | rElec rPois Int+7}
 19695 | D:12     | You fall into a shaft and drop 2 floors!
 19703 | D:14     | Reached skill level 13 in Shields
 19795 | D:13     | Noticed Frances
 19795 | D:13     | Found Tuces's Magic Scroll Shop.
 19799 | D:13     | Killed Frances
 19807 | D:13     | Bought a scroll of enchant weapon for 97 gold pieces
 19807 | D:13     | Bought a scroll of enchant armour for 97 gold pieces
 19807 | D:13     | Bought 2 scrolls of enchant armour for 195 gold pieces
 19819 | D:13     | Reached skill level 14 in Shields
 19828 | D:13     | Found Lifruur's Armour Shop.
 19857 | D:13     | Found Ulihaigg's General Store.
 19914 | D:13     | Received a gift from Trog
 19915 | D:13     | Noticed Nessos
 19952 | D:13     | Killed Nessos
 19993 | D:13     | Reached skill level 15 in Shields
 20032 | D:13     | Found a gate to the Vaults.
 20113 | D:13     | Reached skill level 13 in Axes
 20120 | D:13     | Reached XP level 15. HP: 127/155 MP: 14/14
 20123 | D:13     | Found a flickering gateway to a bazaar.
 20136 | Bazaar   | Entered a bazaar
 20136 | Bazaar   | Found Hibrerorph's Distillery.
 20136 | Bazaar   | Found Wydibrog's Magic Scroll Shoppe.
 20136 | Bazaar   | Found Isochiut's Magic Scroll Shop.
 20138 | Bazaar   | Found Eqow's Assorted Antiques.
 20138 | Bazaar   | Found Qaggyove's Armour Boutique.
 20207 | Bazaar   | Bought a scroll of summoning for 85 gold pieces
 20207 | Bazaar   | Bought a scroll of fog for 18 gold pieces
 20211 | Bazaar   | Bought a potion of flight for 33 gold pieces
 20214 | Bazaar   | Upgraded the game from 0.28-a0-895-g6e5f11bd55 to
                  | 0.28-a0-906-g0406aca7d3
 20214 | Bazaar   | magus.rc [v1.11.2]
 20782 | D:12     | Killed Erolcha
 21267 | Orc:1    | Entered Level 1 of the Orcish Mines
 21267 | Orc:1    | Noticed Erica
 21275 | Orc:1    | Killed Erica
 21281 | Orc:1    | Noticed Maurice
 21301 | Orc:1    | Killed Maurice
 21451 | Orc:2    | Entered Level 2 of the Orcish Mines
 21451 | Orc:2    | Found Veut's Firing Range.
 21530 | Orc:1    | Reached skill level 14 in Axes
 22061 | Orc:2    | Found Plog's Weapon Shop.
 22426 | Orc:2    | Found a staircase to the Elven Halls.
 22445 | Orc:2    | Found Syilus's Antique Armour Boutique.
 22451 | Orc:2    | Bought a pair of runed gloves for 262 gold pieces
 22490 | Orc:2    | Found Wiggen's Distillery.
 22629 | Orc:2    | Received a gift from Trog
 22655 | Orc:2    | Reached skill level 15 in Axes
 22656 | Orc:2    | Noticed an orc warlord
 22690 | Orc:2    | Killed an orc warlord
 22708 | Orc:2    | Found Xufisaoha's Antique Weapon Shoppe.
 22711 | Orc:2    | Found Ighiukk's Antique Armour Emporium.
 23257 | D:14     | Found a shimmering blue altar of Sif Muna.
 23329 | D:14     | Noticed Josephine
 23334 | D:14     | Killed Josephine
 23550 | D:15     | Entered Level 15 of the Dungeon
 23552 | D:15     | Identified the +4 ring mail of Jagram {+Inv Str+6}
 23563 | D:15     | Reached skill level 16 in Axes
 23583 | D:15     | Found a runed translucent gate.
 23583 | D:15     | Found a runed translucent gate.
 23583 | D:15     | Found a runed translucent gate.
 23585 | D:15     | Noticed an azure jelly
 23587 | D:15     | Noticed Eliad's ghost (adept DEFE)
 23682 | D:15     | Received a gift from Trog
 23979 | D:15     | Found a staircase to the Depths.
 24005 | D:15     | Reached skill level 17 in Axes
 24009 | D:15     | Identified the ring "Avaets" {Int+4 SInv}
 24593 | D:15     | Found a viscous altar of Jiyva.
 24606 | D:15     | Killed an azure jelly
 24612 | D:15     | Killed Eliad's ghost
 24639 | D:15     | You pick up a book of Spatial Translocations {forbidden}
                  | and begin reading...
 24955 | Spider:1 | Entered Level 1 of the Spider Nest
 25128 | Spider:1 | Killed a ghost moth
 25146 | Spider:1 | Reached skill level 18 in Axes
 25194 | Spider:1 | Found a frozen archway.
 25224 | IceCv    | Entered an ice cave
 25256 | IceCv    | Reached skill level 13 in Armour
 25256 | IceCv    | Reached XP level 16. HP: 113/162 MP: 15/15
 25436 | IceCv    | Identified a +0 crystal plate armour of cold resistance
 25447 | IceCv    | You finish putting on your +0 crystal plate armour of cold
                  | resistance {rare}.
 25475 | IceCv    | Noticed an Ice Fiend
 25475 | IceCv    | Noticed an Ice Fiend
 25482 | IceCv    | Killed an Ice Fiend
 25488 | IceCv    | Killed an Ice Fiend
 25489 | IceCv    | Reached skill level 14 in Armour
 25495 | IceCv    | You add the spells Ensorcelled Hibernation, Frozen Ramparts
                  | and Ice Form to your library.
 25495 | IceCv    | Got the Reference Book on the Glacier {forbidden}
 25691 | Spider:1 | Noticed Aizul
 25701 | Spider:1 | Killed Aizul
 25873 | Spider:1 | Reached skill level 15 in Armour
 25919 | Spider:1 | Received a gift from Trog
 26100 | Spider:1 | Noticed Asterion
 26101 | Spider:1 | Noticed an Executioner
 26117 | Spider:1 | HP: 39/162 [Asterion/iron shot (39)]
 26119 | Spider:1 | Killed Asterion
 26125 | Spider:1 | HP: 32/162 [tarantella (3)]
 26561 | Spider:2 | Reached skill level 16 in Armour
 26694 | Spider:2 | Reached skill level 17 in Armour
 26877 | Spider:2 | Received a gift from Trog
 26936 | Spider:2 | Reached skill level 18 in Armour
 27154 | Spider:2 | You fall into a shaft and drop 1 floor!
 27202 | Spider:2 | Noticed Louise
 27219 | Spider:2 | Killed Louise
 27237 | Spider:2 | Reached XP level 17. HP: 170/170 MP: 16/16
 27511 | Spider:3 | Reached skill level 19 in Armour
 27513 | Spider:3 | Noticed Azrael
 27724 | Spider:2 | Killed Azrael
 27999 | Spider:3 | Received a gift from Trog
 28166 | Spider:3 | You add the spells Sting, Poisonous Vapours and Olgreb's
                  | Toxic Radiance to your library.
 28198 | Spider:3 | Noticed Mara
 28398 | Spider:3 | your +0 crystal plate armour of cold resistance {rare}
                  | glows green for a moment.
 28420 | Spider:3 | Noticed swappor's illusion
 28432 | Spider:3 | Killed Mara
 28433 | Spider:3 | Reached skill level 20 in Armour
 28538 | Spider:3 | Identified the +7 hand crossbow "Xaracziefa" {flame, rF+
                  | Int+5}
 28670 | Spider:4 | Entered Level 4 of the Spider Nest
 28705 | Spider:4 | Reached skill level 16 in Shields
 28996 | Spider:4 | Reached skill level 17 in Shields
 29048 | Spider:4 | HP: 37/170 [demonic crawler (9)]
 29049 | Spider:4 | HP: 18/170 [hornet (8)]
 29051 | Spider:4 | HP: 6/170 [something (11)]
 29060 | Spider:4 | HP: 40/170 [something (3)]
 29060 | Spider:4 | Lost intelligence.
 29063 | Spider:4 | HP: 13/170 [wolf spider (7)]
 29064 | Spider:4 | HP: 5/170 [demonic crawler (8)]
 29066 | Spider:4 | Slain by a ghost moth

Vanquished Creatures
  Mara (Spider:3)
  2 Ice Fiends (IceCv)
  Asterion (Spider:1)
  An azure jelly (D:15)
  The ghost of Eliad the Eclecticist, an adept DEFE of Vehumet (D:15)
  An orc warlord (Orc:2)
  7 ghost moths
  5 emperor scorpions
  Louise (Spider:2)
  Aizul (Spider:1)
  A quicksilver ooze (D:15)
  Nessos (D:13)
  A stone giant (D:15)
  Azrael (Spider:2)
  An entropy weaver (Spider:2)
  4 spark wasps
  A great orb of eyes (D:15)
  2 fire dragons
  Josephine (D:14)
  Erolcha (D:12)
  9 hydras
  2 caustic shrike simulacra (IceCv)
  2 centaur warriors (D:13)
  7 boulder beetles
  2 catoblepae (Lair:6)
  An ogre mage (D:13)
  Erica (Orc:1)
  2 tengu warriors
  8 two-headed ogres
  The ghost of Blacky the Cleaver, a novice PaFi (D:9)
  10 death yaks
  2 orc high priests (Orc:2)
  2 bog bodies (IceCv)
  A swamp dragon (Lair:6)
  3 deep trolls (D:15)
  2 wizards
  2 obsidian statues (IceCv)
  Pikel (D:8)
  5 deep elf pyromancers
  13 ugly things
  A necromancer (Lair:6)
  4 orc knights
  13 orb spiders
  2 orc sorcerers
  3 cyclopes
  A will-o-the-wisp (Lair:3)
  5 manticores
  43 wolf spiders
  5 elephants
  2 moths of wrath
  6 black mambas
  Maurice (Orc:1)
  2 torpor snails
  An eye of devastation (D:15)
  Maggie (D:9)
  15 cane toads
  4 gargoyles
  2 unseen horrors
  5 rime drakes
  A tengu conjurer (D:15)
  4 komodo dragons
  2 efreet
  A kobold demonologist (D:11)
  2 golden dragon simulacra (IceCv)
  18 demonic crawlers
  6 trolls
  An ice devil (IceCv)
  6 meliai
  A queen bee (Lair:4)
  4 freezing wraiths (IceCv)
  29 jumping spiders
  12 hornets
  7 slime creatures
  7 dream sheep
  A shadow (D:11)
  84 redbacks
  2 vampires
  47 yaks
  46 tarantellas
  2 spriggans
  6 wyverns
  5 fire elementals
  5 wraiths
  A centaur simulacrum (D:15)
  15 humans (D:13)
  A spriggan simulacrum (IceCv)
  7 basilisks
  2 redback simulacra
  8 vampire mosquitoes
  6 steam dragons
  A minotaur simulacrum (IceCv)
  2 harpy simulacra (IceCv)
  5 wargs
  3 hell hounds
  5 hydra simulacra (IceCv)
  14 water moccasins
  3 acid dragons (Lair:6)
  29 orc warriors
  2 ettin simulacra (IceCv)
  2 sky beasts
  A necrophage (D:4)
  2 black bears
  40 wolves
  6 ogres
  6 centaurs
  2 kobold brigands
  A lemure (D:8)
  Blork the orc (D:4)
  10 bullfrogs
  4 gnoll sergeants
  4 scorpions
  A wyvern zombie (D:6)
  35 killer bees
  4 wights (D:7)
  2 howler monkeys
  3 electric eels
  6 centaur zombies
  A bullfrog zombie (D:6)
  A jelly (D:6)
  4 hounds
  2 gnoll shamans
  17 orc priests
  A centaur skeleton (D:7)
  5 iguanas
  27 orc wizards
  5 hell rats
  A yak simulacrum (Lair:6)
  6 polar bear simulacra (Lair:6)
  2 killer bee zombies
  4 wolf simulacra (Lair:6)
  32 gnolls
  6 adders
  A river rat (Lair:4)
  A white imp (D:5)
  2 ufetubi
  4 worms
  4 dart slugs
  92 orcs
  3 bats
  8 endoplasms
  6 giant cockroaches
  5 goblins
  6 hobgoblins
  4 jackals (D:3)
  3 quokkas
  3 ball pythons
  A frilled lizard (D:2)
  15 kobolds
  6 rats
  A ball lightning (D:15)
1039 creatures vanquished.

Vanquished Creatures (collateral kills)
  Frances (D:13)
  An orc high priest (Orc:1)
  An orc knight (Orc:2)
  An efreet (D:13)
  A troll (Orc:1)
  A wraith (D:13)
  2 orc warriors (Orc:1)
  An ogre (Orc:2)
  3 orc priests
  2 orc wizards
  5 orcs
19 creatures vanquished.

Vanquished Creatures (others)
  A human (D:13)
  A killer bee (Lair:4)
  2 ball lightnings (D:15)
  3 demonic plants (D:1)
  4 foxfires (Lair:3)
  26 fungi
  33 plants
  2 withered plants (D:1)
72 creatures vanquished.

Grand Total: 1130 creatures vanquished

Table legend:
 A = Non-vault XP
 B = Vault XP
 C = Vault XP percentage of total XP
 D = Non-vault monster count
 E = Vault monster count
 F = Vault count percentage of total count
                 A         B        C        D         E       F
            +---------+---------+-------+---------+---------+-------
      Total |  166604 |  102809 |  38.2 |     726 |     330 |  31.2
            +---------+---------+-------+---------+---------+-------
        D:1 |      42 |       0 |   0.0 |      18 |       0 |   0.0
        D:2 |      14 |       0 |   0.0 |       8 |       0 |   0.0
        D:3 |     286 |      19 |   6.2 |      25 |       3 |  10.7
        D:4 |     335 |     151 |  31.1 |      25 |       2 |   7.4
        D:5 |     654 |     100 |  13.3 |      25 |       4 |  13.8
        D:6 |     694 |       0 |   0.0 |      14 |       0 |   0.0
        D:7 |    1288 |       0 |   0.0 |      22 |       0 |   0.0
        D:8 |    1640 |    1904 |  53.7 |      22 |       5 |  18.5
        D:9 |    2268 |    1669 |  42.4 |      21 |       5 |  19.2
       D:10 |    3382 |       5 |   0.1 |      23 |       1 |   4.2
       D:11 |    6129 |       0 |   0.0 |      26 |       0 |   0.0
       D:12 |    2477 |    1092 |  30.6 |      12 |       2 |  14.3
       D:13 |    9723 |    7583 |  43.8 |      17 |      23 |  57.5
       D:14 |    6452 |    1753 |  21.4 |      16 |       5 |  23.8
       D:15 |    7302 |    8029 |  52.4 |      16 |      11 |  40.7
     Lair:1 |    5886 |    2830 |  32.5 |      29 |       4 |  12.1
     Lair:2 |    4612 |     543 |  10.5 |      22 |       8 |  26.7
     Lair:3 |    8151 |    2808 |  25.6 |      27 |       5 |  15.6
     Lair:4 |    3864 |    6985 |  64.4 |      19 |      51 |  72.9
     Lair:5 |    8464 |     856 |   9.2 |      21 |       1 |   4.5
     Lair:6 |    8318 |    6585 |  44.2 |      31 |      29 |  48.3
   Spider:1 |   19109 |    7380 |  27.9 |      59 |      11 |  15.7
   Spider:2 |   31497 |   10555 |  25.1 |      90 |      18 |  16.7
   Spider:3 |   12734 |    5473 |  30.1 |      32 |       6 |  15.8
   Spider:4 |   13070 |   16904 |  56.4 |      32 |      40 |  55.6
      Orc:1 |    3630 |    1273 |  26.0 |      22 |       2 |   8.3
      Orc:2 |    4583 |    6144 |  57.3 |      52 |      68 |  56.7
      IceCv |       0 |   12168 | 100.0 |       0 |      26 | 100.0
            +---------+---------+-------+---------+---------+-------

Illustrated notes

Table legend:
 A = Kills in this place as a percentage of kills in entire the game.
 B = Kills by you in this place as a percentage of kills by you in the entire game.
 C = Kills by friends in this place as a percentage of kills by friends in the entire game.
 D = Other kills in this place as a percentage of other kills in the entire game.
 E = Experience gained in this place as a percentage of experience gained in the entire game.
 F = Experience gained in this place divided by the number of levels of this place that you have seen.
                   A       B       C       D       E      F
               +-------+-------+-------+-------+-------+----------------------
         Total | 100.0 | 100.0 | 100.0 |   N/A | 100.0 | 8980.4
       Dungeon |  33.2 |  33.6 |  15.8 |   N/A |  24.1 | 4332.7
          Lair |  23.4 |  23.8 |   0.0 |   N/A |  22.2 | 9983.7
   Spider Nest |  27.3 |  27.8 |   0.0 |   N/A |  43.3 | 29180.5
  Orcish Mines |  13.6 |  12.3 |  84.2 |   N/A |   5.8 | 7815.0
      Ice Cave |   2.5 |   2.5 |   0.0 |   N/A |   4.5 | 12168.0
               +-------+-------+-------+-------+-------+----------------------

Table legend: (Time is in decaauts)
 A = Elapsed time spent in this place.
 B = Non-inter-level travel time spent in this place.
 C = Inter-level travel time spent in this place.
 D = Time resting spent in this place.
 E = Time spent auto-exploring this place.
 F = Levels seen in this place.
 G = Mean time per level.
                   A        B        C        D        E       F      G
               +--------+--------+--------+--------+--------+-----+--------+
         Total |  29191 |  26813 |   2378 |   2034 |  12490 |  30 |  973.0 |
       Dungeon |  16165 |  14586 |   1579 |   1100 |   5361 |  15 | 1077.7 |
        Temple |    185 |    170 |     15 |      0 |    157 |   1 |  185.0 |
          Lair |   7117 |   6514 |    603 |    156 |   4383 |   6 | 1186.2 |
   Spider Nest |   3647 |   3519 |    128 |    688 |   1724 |   4 |  911.8 |
  Orcish Mines |   1628 |   1575 |     53 |     67 |    810 |   2 |  814.0 |
        Bazaar |     84 |     84 |      0 |      0 |      0 |   1 |   84.0 |
      Ice Cave |    361 |    361 |      0 |     22 |     55 |   1 |  361.0 |
               +--------+--------+--------+--------+--------+-----+--------+

Top non-repeatable levels by time:
     D:8: 1749 daAuts
     D:5: 1477 daAuts
Spider:2: 1475 daAuts
     D:9: 1457 daAuts
  Lair:3: 1442 daAuts
  Lair:6: 1363 daAuts
     D:4: 1329 daAuts
    D:10: 1258 daAuts
    D:11: 1245 daAuts
  Lair:4: 1214 daAuts
Spider:1: 1198 daAuts
     D:6: 1167 daAuts
    D:15: 1162 daAuts
  Lair:5: 1159 daAuts
  Lair:1: 1138 daAuts
